 Dungeon Crawl Stone Soup version 0.21.1-1-g345015f (webtiles) character file.

1207 Fang the Chopper (level 8, -18/50 HPs)
             Began as a Gargoyle Berserker on May 30, 2018.
             Was an Elder of Trog.
             Demolished by an ogre
             ... wielding a +0 giant club
              (24 damage)
             ... on level 6 of the Dungeon.
             The game lasted 00:08:44 (5491 turns).

Fang the Chopper (Gargoyle Berserker)               Turns: 5491, Time: 00:08:45

Health: -18/50     AC:  9    Str: 23    XL:     8   Next: 45%
Magic:  8/8        EV: 13    Int:  8    God:    Trog [****..]
Gold:   217        SH:  0    Dex:  9    Spells: 7/7 levels left

rFire    . . .     SeeInvis .   a - +0 hand axe
rCold    . . .     Gourm    .   (no shield)
rNeg     + . .     Faith    .   b - +0 animal skin
rPois    ∞         Spirit   .   m - +1 helmet
rElec    +         Reflect  .   z - scarf {repulsion}
rCorr    .         Harm     .   (no gloves)
MR       +....                  (no boots)
Stlth    ++........             (no amulet)
HPRegen  0.16/turn              h - ring of wizardry
MPRegen  0.11/turn              r - ring of protection from magic

@: repel missiles
A: negative energy resistance 1, electricity resistance, unbreathing,
petrification resistance, rot immunity, AC +5
a: Berserk, Trog's Hand, Brothers in Arms, Burn Spellbooks, Renounce Religion


You were on level 6 of the Dungeon.
You worshipped Trog.
Trog was greatly pleased with you.
You were near starving.

You visited 2 branches of the dungeon, and saw 7 of its levels.
You also visited: Sewer.

You collected 217 gold pieces.

Inventory:

Hand Weapons
 a - a +0 hand axe (weapon)
Armour
 b - a +0 animal skin (worn)
 m - a +1 helmet (worn)
 z - a scarf of repulsion (worn)
Jewellery
 h - a ring of wizardry (left hand)
 r - a ring of protection from magic (right hand)
Scrolls
 d - 2 scrolls of enchant weapon {unknown}
 e - 3 scrolls of remove curse {unknown}
 g - 6 scrolls of teleportation {unknown}
 j - 3 scrolls of identify {unknown}
 k - a scroll of magic mapping {unknown}
 q - a scroll of random uselessness {unknown}
 s - a scroll of enchant armour {unknown}
 t - a scroll of holy word {unknown}
 v - 2 scrolls of immolation {unknown}
 x - a scroll of noise {unknown}
 y - a scroll of fear {unknown}
 A - a scroll of fog {unknown}
Potions
 f - 4 potions of curing {unknown}
 i - a potion of mutation {unknown}
 l - 2 potions of berserk rage {unknown}
 n - 3 potions of might {unknown}
 o - 4 potions of heal wounds {unknown}
 p - a potion of resistance {unknown}
 u - 2 potions of degeneration {unknown}
 w - a potion of flight {unknown}
 B - a potion of magic {unknown}
Comestibles
 c - 11 rations


   Skills:
 + Level 5.4 Fighting
 + Level 7.2 Axes
 + Level 2.4 Armour
 + Level 4.1 Dodging
 + Level 2.5 Stealth


You had 7 spell levels left.
You didn't know any spells.

Dungeon Overview and Level Annotations

Branches:
Dungeon (6/15)             Temple (1/1) D:4

Altars:
Dithmenos
Fedhas
Gozag
Hepliaklqana
Kikubaaqudgha
Makhleb
Okawaru
Qazlal
Sif Muna
Trog
Uskayaw
Vehumet
Xom
Yredelemnul
Zin
The Shining One


Innate Abilities, Weirdness & Mutations

You are resistant to torment.
Your stone body is resilient. (AC +5)
You are immune to poison.
You resist negative energy. (rN+)
You are resistant to electric shocks. (rElec)
You can survive without breathing.
You are immune to petrification.
You are immune to rotting.


Message History

You completely miss the ogre.
The ogre is moderately wounded.
You hit the shadow imp but do no damage.
The ogre hits you with a giant club!! The shadow imp closely misses you.
You hit the ogre.
The ogre is heavily wounded.
You hit the shadow imp but do no damage.
The shadow imp completely misses you. The ogre hits you with a giant club!!
* * * LOW HITPOINT WARNING * * *
You are too injured to fight recklessly!
You're too hungry.
You hit the shadow imp.
The shadow imp is lightly wounded.
You hit the ogre. The shadow imp gestures at you.
Pain shoots through your body!
* * * LOW HITPOINT WARNING * * *
The crimson imp picks up a beetle and eats it.
The ogre hits you with a giant club!!
You die...

. ##.##.## .......... .
#..#.# .......... #.
#...#
.#........###.####..#
............#..#....#
........###'###..##.#
...<....#.....#...#.#
......O5#.#.#.#.#...#
......5@'.._..'.##..###
........#.#.#.####....#
........#.....# #.##.##
.###....###'### #.##..#
#####. #.# #.###.. .
#.# #...##. . #.#
###.##. ..... #.##. ...
#....


You could see an ogre, a crimson imp and a shadow imp.

Vanquished Creatures
  Purgy (Sewer)
  An ogre (D:5)
  A hornet zombie (D:6)
  3 centaurs
  The ghost of Fang the Skirmisher, an amateur GrBe of Trog (D:4)
  A bullfrog (D:6)
  A scorpion (D:4)
  A hound (D:6)
  3 jellies (D:5)
  4 worker ants
  2 orc wizards (D:4)
  A howler monkey zombie (D:4)
  10 adders
  2 shadow imps (D:5)
  An ooze (D:3)
  2 worms
  2 dart slugs
  5 leopard geckos
  12 orcs
  2 ball pythons (Sewer)
  9 bats
  5 giant cockroaches
  6 goblins
  5 hobgoblins
  23 jackals
  8 kobolds
  12 frilled lizards
  11 rats
135 creatures vanquished.

Notes
Turn   | Place    | Note
-------+----------+-------------------------------------------
     0 | D:1      | Fang the Gargoyle Berserker began the quest for the Orb.
     0 | D:1      | Reached XP level 1. HP: 14/14 MP: 1/1
    30 | D:1      | Reached XP level 2. HP: 16/19 MP: 2/2
    53 | D:1      | Reached skill level 3 in Axes
   315 | D:1      | Reached XP level 3. HP: 22/24 MP: 3/3
   340 | D:1      | Reached ** piety under Trog
  1385 | D:2      | Reached XP level 4. HP: 23/29 MP: 4/4
  1921 | D:3      | Reached XP level 5. HP: 33/33 MP: 5/5
  2230 | D:4      | Noticed a centaur
  2246 | D:3      | Reached skill level 4 in Axes
  2433 | D:4      | Killed a centaur
  2433 | D:4      | Reached skill level 1 in Stealth
  2433 | D:4      | Reached XP level 6. HP: 25/39 MP: 6/6
  2598 | D:4      | Reached *** piety under Trog
  3033 | D:4      | Reached skill level 5 in Axes
  3237 | D:4      | Found a staircase to the Ecumenical Temple.
  3331 | D:4      | Noticed Fang's ghost (amateur GrBe)
  3350 | D:4      | Killed Fang's ghost
  3350 | D:4      | Reached XP level 7. HP: 27/44 MP: 7/7
  3540 | D:4      | Found a hide-covered altar of Uskayaw.
  3703 | Temple   | Entered the Ecumenical Temple
  3797 | D:5      | Entered Level 5 of the Dungeon
  3982 | D:5      | Reached skill level 6 in Axes
  4109 | D:5      | Reached skill level 5 in Fighting
  4318 | D:5      | Reached XP level 8. HP: 14/49 MP: 8/8
  4756 | D:5      | Found an opulent altar of Gozag.
  5042 | D:6      | Found a glowing drain.
  5051 | Sewer    | Entered a sewer
  5104 | Sewer    | Noticed Purgy
  5114 | Sewer    | Killed Purgy
  5114 | Sewer    | Reached skill level 7 in Axes
  5194 | Sewer    | Reached **** piety under Trog
  5473 | D:6      | Found a shadowy altar of Dithmenos.
  5491 | D:6      | Demolished by an ogre

Skill      XL: |  1  2  3  4  5  6  7  8 |
---------------+-------------------------+-----
Axes           | 3 4 5 6 7 |  7.2
Dodging        | 2 3 4 |  4.1
Fighting       | 4 5 |  5.4
Stealth        | 1 2 |  2.5
Armour         | |  2.4

Action                   |  1- 3 |  4- 6 |  7- 9 || total
-------------------------+-------+-------+-------++-------
Melee: Hand axe          |   139 |   227 |   199 ||   565
Invok: Berserk           |     1 |     2 |     3 ||     6
 Stab: Sleeping          |       |       |     1 ||     1
  Eat: Chunk             |     2 |     8 |     6 ||    16
       Ration            |       |       |     1 ||     1
Armor: Animal skin       |    65 |   129 |    68 ||   262
Dodge: Dodged            |   137 |   182 |   136 ||   455
